Map: Triton LE

Players

LiquidMaNa (MaNa) - Winner!

  • Race: Protoss Protoss
  • League: Grandmaster
  • Spawn Location: 11:00

Harstem

  • Race: Protoss Protoss
  • League: Grandmaster
  • Spawn Location: 5:00

Event: HomeStory Cup XX

VOD

Have the link to the VOD?

Description

Time

  • Played on: Nov. 21, 2019, 10:17 a.m.
  • Length: 5:15

All games in this series

Show
View Real Time Build Order
Export as new Build Order

LiquidMaNa Protoss - Winner!

Build Orders:  

Get SALT Encoding   

  12  0:00  Probe  
  13  0:12  Probe  
  14  0:21  Pylon  
  14  0:24  Probe  
  15  0:35  Probe  
  15  0:39  Gateway  
  16  0:43  Probe  
  16  0:44  Assimilator  
  17  0:53  Probe  
  17  0:56  Assimilator  
  18  1:01  Probe  
  18  1:07  Gateway  
  18  1:09  Probe  
  20  1:20  Probe  
  21  1:26  Cybernetics Core  
  21  1:32  Probe  
  22  1:35  Pylon  
  22  1:42  Pylon  
  22  1:44  Probe  
  23  2:03  Robotics Facility  
  23  2:05  Adept  
  23  2:08  Adept  
  27  2:11  Warp Gate  
  27  2:25  Probe  
  28  2:35  Stalker  
  30  2:38  Stalker, Immortal  
  36  3:08  Pylon  
  36  3:09  Warp Prism  
  38  3:30  Gateway  
  37  3:44  Immortal  
  37  4:04  Stalker, Sentry  
  41  4:15  Immortal  
  41  4:22  Pylon  
  45  4:41  Adept x3  
  51  5:02  Zealot x3  
Show
View Real Time Build Order
Export as new Build Order

Harstem Protoss 

Build Orders:  

Get SALT Encoding   

  12  0:00  Probe  
  13  0:13  Probe  
  14  0:18  Pylon  
  14  0:24  Probe  
  15  0:32  Probe  
  15  0:40  Probe, Gateway  
  16  0:46  Assimilator  
  17  0:51  Probe  
  17  0:54  Assimilator  
  18  0:59  Probe  
  19  1:07  Probe  
  19  1:09  Gateway  
  19  1:17  Probe  
  21  1:27  Cybernetics Core  
  21  1:29  Probe  
  22  1:39  Pylon  
  22  1:42  Probe  
  23  1:57  Probe  
  24  2:03  Stalker  
  24  2:04  Warp Gate  
  24  2:07  Pylon  
  24  2:08  Sentry  
  28  2:09  Probe  
  29  2:21  Probe  
  30  2:28  Pylon  
  30  2:35  Stalker x2  
  34  2:52  Nexus  
  34  2:59  Probe  
  34  3:01  Pylon  
  35  3:10  Stalker  
  35  3:12  Probe  
  38  3:16  Stalker  
  38  3:19  Shield Battery  
  38  3:24  Probe  
  41  3:36  Probe  
  42  3:44  Shield Battery  
  42  3:46  Robotics Facility  
  39  3:56  Pylon  
  39  4:06  Pylon  
  39  4:11  Gateway  
  39  4:17  Stalker, Sentry, Gateway  
  39  4:21  Immortal  
  39  4:22  Stargate  
  43  4:24  Shield Battery  
  47  4:45  Robotics Bay  
  47  4:49  Pylon  
  47  4:54  Zealot  
  34  5:07  Zealot  
  34  5:12  Zealot  
Tags
 
Add a new tag
Caveats
  • Supply blocks, unpowered buildings, or Contaminate may cause inaccurate times.
  • Supply counts are checked every 10 seconds.